 Dungeon Crawl Stone Soup version 0.25-a0-258-g6d7e32a812 (webtiles) character file.

Game seed: 5487644909820624615, levelgen mode: deterministic

16388 MrRokkomies the Arsonist (level 12, -11/126 HPs)
             Began as an Ogre Fire Elementalist on Dec 6, 2019.
             Was an Elder of Vehumet.
             Mangled by a wolf spider simulacrum (14 damage)
             ... in a Gauntlet.
             The game lasted 01:26:54 (18746 turns).

MrRokkomies the Arsonist (Ogre Fire Elementalist)  Turns: 18746, Time: 01:26:56

Health: -11/126    AC:  6    Str: 15    XL:     12   Next: 37%
Magic:  15/19      EV: 11    Int: 25    God:    Vehumet [****..]
Gold:   866        SH:  8    Dex:  9    Spells: 3/21 levels left

rFire    x . .     SeeInvis .   a - +0 trident
rCold    + . .     Gourm    +   H - +0 shield
rNeg     . . .     Faith    .   d - +2 robe {Archmagi}
rPois    .         Spirit   .   (helmet restricted)
rElec    .         Reflect  .   f - +0 cloak
rCorr    .         Harm     .   (gloves unavailable)
MR       +....     NoTele   +   (boots unavailable)
Stlth    +.........             Q - amulet of the gourmand
HPRegen  0.31/turn              D - ring of ice
MPRegen  0.16/turn              y - +5 ring of intelligence

@: no status effects
A: large, unfitting armour, tough skin 1
a: Renounce Religion


You were in a Gauntlet.
You worshipped Vehumet.
Vehumet was greatly pleased with you.
You were completely stuffed.

You visited 3 branches of the dungeon, and saw 13 of its levels.
You also visited: Ossuary and Gauntlet.

You collected 866 gold pieces.

Inventory:

Hand Weapons
 a - a +0 trident (weapon)
 r - a +2 long sword of holy wrath
 I - a +1 mace of protection
 J - a +3 great sword of freezing
 M - a +0 scimitar of flaming
Missiles
 h - 11 javelins
 u - 8 boomerangs
 C - 60 poisoned darts (quivered)
 K - a throwing net
 P - 2 silver boomerangs
Armour
 d - a +2 robe of the Archmagi (worn)
 f - a +0 cloak (worn)
 g - a +0 robe
 H - a +0 shield (worn)
Magical Staves
 v - an uncursed staff of cold
Jewellery
 b - an uncursed ring of wizardry
 t - a +4 ring of dexterity
 y - a +5 ring of intelligence (right hand)
 D - a ring of ice (left hand)
 G - an uncursed ring of see invisible
 Q - an amulet of the gourmand (around neck)
Wands
 p - a wand of flame (27)
 z - a wand of enslavement (9)
 A - a wand of scattershot (4)
 B - a wand of acid (8)
 F - a wand of random effects (24)
 L - a wand of clouds (6)
Scrolls
 e - 4 scrolls of remove curse
 i - a scroll of teleportation
 s - 4 scrolls of immolation
 w - 6 scrolls of amnesia
 O - a scroll of enchant weapon
Potions
 j - 2 potions of curing
 k - 2 potions of lignification
 l - 2 potions of brilliance
 m - 2 potions of agility {unknown}
 n - 4 potions of ambrosia
 o - a potion of cancellation
 q - a potion of flight
 E - 3 potions of mutation {unknown}
Comestibles
 c - 16 rations


   Skills:
 - Level 10.0 Fighting
 + Level 2.4 Polearms
 - Level 4.0 Throwing
 * Level 7.0 Dodging
 - Level 1.4 Stealth
 * Level 3.6 Shields
 - Level 5.1 Spellcasting
 - Level 10.0 Conjurations
 - Level 10.0 Fire Magic


You had 3 spell levels left.
You knew the following spells:

 Your Spells              Type           Power        Failure   Level  Hunger
a - Foxfire               Conj/Fire      ####         1%          1    None
b - Conjure Flame         Conj/Fire      ######..     1%          3    ##.....
c - Sticky Flame          Conj/Fire      ######..     1%          4    ####...
d - Inner Flame           Hex/Fire       #####...     2%          3    ##.....
e - Searing Ray           Conj           ######       1%          2    None
f - Fireball              Conj/Fire      ######....   3%          5    #####..

Your spell library contained the following spells:

 Spells                   Type           Power        Failure   Level  Hunger
 Iskenderun's Battlesphe  Conj/Chrm      #####...     22%         5    #####..
 Dazzling Flash           Conj/Hex       #####.       2%          3    ##.....
 Corona                   Hex            #......      26%         1    None
 Ensorcelled Hibernation  Hex/Ice        ##....       36%         2    None
 Confuse                  Hex            #.......     58%         3    ##.....
 Tukima's Dance           Hex            #.......     58%         3    ##.....


Dungeon Overview and Level Annotations

Branches:
Dungeon (11/15)            Temple (1/1) D:4            Lair (1/6) D:11
    Orc (0/2) D:10        Ossuary (visited)         Gauntlet (1/1)

Altars:
Ashenzari
Cheibriados
Dithmenos
Elyvilon
Fedhas
Gozag
Hepliaklqana
Kikubaaqudgha
Makhleb
Nemelex Xobeh
Okawaru
Qazlal
Ru
Sif Muna
Trog
Uskayaw
Vehumet
Wu Jian
Xom
Yredelemnul
Zin
The Shining One

Shops:
D:6 (   D:9 %

Annotations:
D:4 Dowan
Lair:1 Gastronok, Harold Gauntlet 7 transporters


Innate Abilities, Weirdness & Mutations

You are too large for most types of armour.
You have tough skin. (AC +1)


Message History

The wolf spider simulacrum freezes you!!
* * * LOW HITPOINT WARNING * * *
You feel more attuned to ice.
D - a ring of ice (left hand)
The wolf spider simulacrum burns!
Okay, then.
Unknown command.
Unknown command.
Unknown command.
Fire/throw which item? (* to show all) (? for menu, Esc to quit)
Throwing (i - inventory. (/) - cycle)
C - 60 poisoned darts (quivered)
Press: ? - help, Shift-Dir - straight line, f - four-headed hydra simulacrum, p - wolf spider simulacrum
Aim: a four-headed hydra simulacrum You throw a throwing net.
The throwing net hits the four-headed hydra simulacrum.
The four-headed hydra simulacrum is caught in the net!
The wolf spider simulacrum hits you!
* * * LOW HITPOINT WARNING * * *
The wolf spider simulacrum freezes you! You resist.
You die...

#≈..###########..##.!#.#.#
##......#©#......#©#.#..
#§......#©#......#######
##..###########.....#©#.
#≈..#....Z....#.....#©#.
##..#..##Z##..#..#######
#≈..#.##..Z##.#..#Y.8#8.
##..#.#..ZZ.#.#..#...8..
#≈..#....@....#..#8.8.8.
##..#.#.....#.#..##8.©.8
#≈..#.##...##.#..#8.8.8.
##..#..##.##..#..#YY.8..
#§§.#..).©=?..#..#wY?©[.
##..###########..#######
#§..............\.......
##......................
##≈#≈#≈#≈#§########≈#§#


You could see a four-headed hydra simulacrum (caught), 2 hornet simulacra and 2
wolf spider simulacra.

Vanquished Creatures
  3 hydras
  Erica (D:9)
  A tengu warrior (Gauntlet)
  Nergalle (D:10)
  An unseen horror (D:11)
  A necromancer (Gauntlet)
  A manticore (D:11)
  Psyche (D:9)
  A gargoyle (D:11)
  A komodo dragon (D:11)
  A tengu conjurer (Gauntlet)
  2 hippogriffs
  2 dream sheep (D:8)
  A shadow (D:11)
  A vampire (D:9)
  5 yaks
  2 steam dragons
  A hungry ghost (D:10)
  2 insubstantial wisps (D:8)
  2 water moccasins (Lair:1)
  2 porcupines
  Duvessa (D:4)
  7 orc warriors
  6 sky beasts
  3 ice beasts
  2 black bears
  A hornet zombie (D:9)
  A necrophage (D:11)
  2 phantoms
  9 wolves
  4 centaurs
  5 big kobolds
  An elf zombie (Ossuary)
  A gnoll sergeant (D:8)
  5 bullfrogs
  A wyvern zombie (D:9)
  A water moccasin zombie (D:11)
  2 troll zombies (D:10)
  4 scorpions
  5 killer bees (D:7)
  9 electric eels (D:8)
  10 wights
  7 howler monkeys
  8 crimson imps
  2 quasits
  A centaur zombie (D:5)
  5 hounds
  8 orc wizards
  3 orc priests
  2 jellies
  A centaur skeleton (D:11)
  4 iguanas
  7 worker ants
  Ijyb (D:3)
  5 ogre zombies (D:10)
  4 big kobold zombies (Ossuary)
  2 hound zombies
  2 mummies (Ossuary)
  4 gnolls (D:8)
  12 adders
  A shadow imp (D:9)
  2 oozes
  An adder zombie (D:9)
  An adder skeleton (D:4)
  2 worms (D:2)
  8 leopard geckos
  25 orcs
  4 bats
  10 giant cockroaches
  A gnoll zombie (Ossuary)
  10 goblins
  10 hobgoblins
  8 jackals
  11 kobolds
  3 quokkas
  2 frilled lizards
  A giant cockroach zombie (D:6)
  A goblin skeleton (D:7)
  9 goblin zombies
  A hobgoblin skeleton (D:10)
  6 hobgoblin zombies
  2 kobold skeletons (D:7)
  2 kobold zombies (D:7)
  A leopard gecko skeleton (D:5)
  7 orc skeletons (D:10)
  13 orc zombies
  A quokka skeleton (D:5)
  12 rats
  2 rat zombies (D:6)
  A plant (D:8)
349 creatures vanquished.

Vanquished Creatures (others)
  495 foxfires
  3 fungi (D:11)
  3 plants (D:8)
501 creatures vanquished.

Grand Total: 850 creatures vanquished

Notes
Turn   | Place    | Note
-------+----------+-------------------------------------------
     0 | D:1      | MrRokkomies the Ogre Fire Elementalist began the quest for
                  | the Orb.
     0 | D:1      | Reached XP level 1. HP: 16/16 MP: 3/3
    52 | D:1      | Reached skill level 1 in Conjurations
   234 | D:1      | Reached XP level 2. HP: 24/26 MP: 5/5
   450 | D:1      | Reached skill level 1 in Fighting
   608 | D:1      | Reached XP level 3. HP: 31/33 MP: 0/6
   922 | D:1      | Learned a level 3 spell: Conjure Flame
  1053 | D:2      | Found an ancient bone altar of Kikubaaqudgha.
  1480 | D:2      | Found a hazy altar of Hepliaklqana.
  1749 | D:2      | Reached XP level 4. HP: 15/42 MP: 3/7
  2213 | D:2      | Found an iron altar of Okawaru.
  2601 | D:3      | Found a hide-covered altar of Uskayaw.
  2612 | D:3      | Reached skill level 1 in Throwing
  2641 | D:3      | Noticed Ijyb
  2663 | D:3      | Killed Ijyb
  2663 | D:3      | Reached XP level 5. HP: 13/49 MP: 0/8
  3385 | D:4      | Learned a level 4 spell: Sticky Flame
  3964 | D:4      | Found a staircase to the Ecumenical Temple.
  3970 | Temple   | Entered the Ecumenical Temple
  4097 | Temple   | Became a worshipper of Vehumet
  4418 | D:4      | Reached XP level 6. HP: 59/59 MP: 4/9
  4450 | D:4      | Noticed Dowan
  4451 | D:4      | Noticed Duvessa
  4491 | D:4      | Killed Duvessa
  4777 | D:4      | Reached XP level 7. HP: 62/67 MP: 2/10
  5082 | D:5      | Entered Level 5 of the Dungeon
  5535 | D:5      | Found a sparkling altar of Nemelex Xobeh.
  5658 | D:5      | Found an ornate altar of the Wu Jian Council.
  5660 | D:5      | Found a white marble altar of Elyvilon.
  5661 | D:5      | Found a shimmering altar of Xom.
  5661 | D:5      | Found a blossoming altar of Fedhas.
  5661 | D:5      | Found an opulent altar of Gozag.
  5673 | D:5      | Reached skill level 5 in Fire Magic
  6289 | D:6      | Found Daobu's Weapon Boutique.
  6301 | D:6      | Reached XP level 8. HP: 67/78 MP: 8/11
  6335 | D:6      | Found a sand-covered staircase.
  6349 | Ossuary  | Entered an ossuary
  6396 | Ossuary  | Reached * piety under Vehumet
  6396 | Ossuary  | Offered knowledge of Freeze by Vehumet.
  6797 | D:6      | Found a shattered altar of Ashenzari.
  6837 | D:6      | Reached skill level 5 in Conjurations
  6855 | D:6      | Found a white marble altar of Elyvilon.
  7131 | D:7      | Learned a level 3 spell: Inner Flame
  7221 | D:7      | Reached skill level 5 in Fighting
  7574 | D:7      | Offered knowledge of Searing Ray by Vehumet.
  7575 | D:7      | Reached ** piety under Vehumet
  7633 | D:7      | Reached XP level 9. HP: 21/89 MP: 6/13
  7638 | D:7      | Learned a level 2 spell: Searing Ray
  8321 | D:7      | Found a glowing golden altar of the Shining One.
  8899 | D:8      | Offered knowledge of Dazzling Flash by Vehumet.
  9042 | D:8      | Reached skill level 5 in Spellcasting
  9058 | D:8      | Learned a level 5 spell: Fireball
  9708 | D:8      | Reached XP level 10. HP: 102/102 MP: 8/17
  9886 | D:8      | Reached *** piety under Vehumet
 11089 | D:8      | Noticed a three-headed hydra
 11092 | D:8      | Killed a three-headed hydra
 11380 | D:8      | Offered knowledge of Static Discharge by Vehumet.
 11448 | D:9      | Found a shadowy altar of Dithmenos.
 11479 | D:9      | Noticed Erica
 11496 | D:9      | Killed Erica
 12042 | D:9      | Noticed Psyche
 12050 | D:9      | Killed Psyche
 12050 | D:9      | Reached XP level 11. HP: 99/113 MP: 6/18
 12327 | D:9      | Found a shimmering blue altar of Sif Muna.
 12340 | D:9      | Found Kuadokue's Food Emporium.
 12658 | D:9      | Reached **** piety under Vehumet
 13074 | D:10     | Entered Level 10 of the Dungeon
 13100 | D:10     | Offered knowledge of Yara's Violent Unravelling by Vehumet.
 13962 | D:10     | Noticed Nergalle
 13991 | D:10     | Killed Nergalle
 14563 | D:10     | Reached ***** piety under Vehumet
 14688 | D:10     | Offered knowledge of Iskenderun's Battlesphere by Vehumet.
 14742 | D:10     | Found a staircase to the Orcish Mines.
 14923 | D:11     | Reached skill level 5 in Dodging
 14923 | D:11     | HP: 4/115 [cloud of flame (29)]
 14929 | D:11     | HP: 4/115 [poisoned by a worker ant]
 15401 | D:11     | Noticed an unseen horror
 15401 | D:11     | Killed an unseen horror
 15812 | D:11     | Noticed a six-headed hydra
 16249 | D:11     | Reached skill level 10 in Fire Magic
 16546 | D:11     | Noticed a six-headed hydra
 16833 | D:11     | Killed a six-headed hydra
 16833 | D:11     | Reached skill level 10 in Fighting
 16994 | D:11     | Killed a six-headed hydra
 16994 | D:11     | Reached skill level 1 in Shields
 16994 | D:11     | Reached skill level 10 in Conjurations
 16994 | D:11     | Reached XP level 12. HP: 74/126 MP: 7/19
 17411 | D:11     | Found a staircase to the Lair.
 17579 | D:11     | Reached skill level 1 in Polearms
 17989 | Lair:1   | Entered Level 1 of the Lair of Beasts
 18056 | Lair:1   | Noticed Harold
 18067 | Lair:1   | HP: 4/126 [komodo dragon (27)]
 18082 | Lair:1   | Noticed Gastronok
 18105 | Lair:1   | Found a gate leading to a gauntlet.
 18115 | Gauntlet | Entered a Gauntlet
 18115 | Gauntlet | Found a transporter.
 18115 | Gauntlet | Found a transporter.
 18115 | Gauntlet | Found a transporter.
 18115 | Gauntlet | Noticed a tengu warrior
 18350 | Gauntlet | Found a transporter.
 18351 | Gauntlet | Found a transporter.
 18357 | Gauntlet | Found a transporter.
 18361 | Gauntlet | Found a transporter.
 18362 | Gauntlet | Noticed a catoblepas
 18367 | Gauntlet | Found a transporter.
 18368 | Gauntlet | Found a transporter.
 18371 | Gauntlet | Found a transporter.
 18372 | Gauntlet | Noticed a death yak
 18373 | Gauntlet | Noticed a death yak
 18375 | Gauntlet | Noticed a death yak
 18378 | Gauntlet | Found a transporter.
 18382 | Gauntlet | Found a transporter.
 18555 | Gauntlet | Killed a tengu warrior
 18746 | Gauntlet | HP: 3/126 [wolf spider simulacrum (15)]
 18746 | Gauntlet | Mangled by a wolf spider simulacrum

Levels and vault maps discovered:
D:1:      grunt_arrival_crossed_arrows, layout_loops_corners,
          minmay_small_reverse_x
D:2:      layout_loops_ring, lemuel_crystal_altar, kennysheep_okawaru_gauntlet,
          lemuel_coloured_pillars_altar, minmay_rat_gold_closets
D:3:      layout_loops_ring, nicolae_overflow_crystal_walls, uniq_ijyb
D:4:      layout_loops_cross, minmay_temple_entry_enclosed_plants, first_ration,
          kennysheep_generic_room_14, uniq_duvessa
D:5:      layout_loops_ring, grunt_temple_overflow_open,
          nemelex_spade_bored_becter
D:6:      layout_rooms, ashenzari_altar_1, enter_ossuary_4, serial_shops, shop,
          elyvilon_altar_1
D:7:      layout_basic, nicolae_tso_besieged_by_evil
D:8:      layout_loops_ring, serial_bayou, serial_bayou_pond_c,
          serial_bayou_lake_a, serial_bayou_shore_a, serial_bayou_crossing,
          serial_bayou_pond_d, hangedman_ranch [blue_anna_fruit_fields],
          hangedman_misty_isle
D:9:      layout_roguey, kennysheep_mini_moat, lemuel_round_altar, serial_shops,
          shop, uniq_erica, uniq_psyche
D:10:     layout_basic, zombieorc2_lemuel, kb_lookout_dungeons_type,
          uniq_nergalle
D:11:     layout_stronghold, grunt_lair_entry_orc_guard_hut
Temple:   nicolae_temple_figure_zero
Lair:1:   layout_cave_shapes, gauntlet_entry_generic, minmay_lair_oklob_items,
          grunt_megastairs_5, uniq_harold, uniq_gastronok
Gauntlet: minmay_gauntlet_mixed_big_or_small [nicolae_gauntlet_arena_x,
          minmay_gauntlet_arena_77_p_blocks, nicolae_gauntlet_arena_blocks,
          minmay_gauntlet_arena_77_radiant_squares,
          gammafunk_gauntlet_arena_split_diamond,
          minmay_gauntlet_arena_77_terracotta_army, gauntlet_exit_spiral]

Skill      XL: |  1  2  3  4  5  6  7  8  9 10 11 12 |
---------------+-------------------------------------+-----
Conjurations   | 1 2 3 4 5 7 8 10 | 10.0
Fire Magic     | 3 4 5 6 7 9 10 | 10.0
Fighting       | 1 2 3 4 5 7 8 10 | 10.0
Throwing       | 1 2 3 4 |  4.0
Spellcasting   | 3 5 |  5.1
Dodging        | 2 4 6 7 |  7.0
Shields        | 1 3 |  3.6
Polearms       | 2 |  2.4
Stealth        | |  1.4

Action                   |  1- 3 |  4- 6 |  7- 9 | 10-12 || total
-------------------------+-------+-------+-------+-------++-------
Melee: Dagger            |    44 |       |       |       ||    44
       Unarmed           |     4 |       |       |       ||     4
       Short sword       |    46 |   130 |   290 |       ||   466
       Mace              |       |       |       |    99 ||    99
       Scimitar          |       |       |       |    75 ||    75
       Long sword        |       |       |       |    55 ||    55
       Great sword       |       |       |       |     4 ||     4
       Trident           |       |       |       |    64 ||    64
Throw: Javelin           |       |    15 |       |       ||    15
       Boomerang         |       |       |    31 |       ||    31
       Dart              |       |       |       |    29 ||    29
       Throwing net      |       |       |       |     1 ||     1
 Cast: Foxfire           |    21 |    46 |   127 |    85 ||   279
       Conjure Flame     |       |    10 |     6 |    25 ||    41
       Sticky Flame      |       |     1 |    18 |    43 ||    62
       Inner Flame       |       |       |     4 |     1 ||     5
       Searing Ray       |       |       |     4 |    29 ||    33
       Fireball          |       |       |       |    21 ||    21
Evoke: Wand              |       |    13 |    12 |     9 ||    34
  Use: Potion            |     1 |       |     1 |     7 ||     9
       Scroll            |       |    12 |     2 |     7 ||    21
 Stab: Sleeping          |     4 |     1 |     1 |     3 ||     9
  Eat: Chunk             |     3 |    10 |    11 |    35 ||    59
       Ration            |       |       |     3 |     5 ||     8
Armor: Robe              |    39 |    27 |    56 |   158 ||   280
Dodge: Dodged            |    46 |    55 |   112 |   268 ||   481
Block: Shield            |       |       |       |    52 ||    52
       Rpst.: Scimitar   |       |       |       |    20 ||    20
       Long sword        |       |       |       |    14 ||    14
       Great sword       |       |       |       |     1 ||     1

Table legend:
 A = Non-vault XP
 B = Vault XP
 C = Vault XP percentage of total XP
 D = Non-vault monster count
 E = Vault monster count
 F = Vault count percentage of total count
                 A         B        C        D         E       F
            +---------+---------+-------+---------+---------+-------
      Total |   13528 |    9884 |  42.2 |     237 |     111 |  31.9
            +---------+---------+-------+---------+---------+-------
        D:1 |      32 |       7 |  17.9 |      15 |       4 |  21.1
        D:2 |      83 |      10 |  10.8 |      22 |       8 |  26.7
        D:3 |      19 |      36 |  65.5 |      11 |       1 |   8.3
        D:4 |     332 |     181 |  35.3 |      16 |       2 |  11.1
        D:5 |     406 |       0 |   0.0 |      13 |       0 |   0.0
        D:6 |     255 |       2 |   0.8 |      12 |       2 |  14.3
        D:7 |    1769 |      55 |   3.0 |      37 |      10 |  21.3
        D:8 |    1115 |    3096 |  73.5 |      26 |      14 |  35.0
        D:9 |    1881 |    1368 |  42.1 |      32 |       2 |   5.9
       D:10 |    1085 |    1480 |  57.7 |      19 |      35 |  64.8
       D:11 |    6112 |     560 |   8.4 |      31 |       5 |  13.9
     Lair:1 |     439 |     342 |  43.8 |       3 |       3 |  50.0
    Ossuary |       0 |     238 | 100.0 |       0 |      16 | 100.0
   Gauntlet |       0 |    2509 | 100.0 |       0 |       9 | 100.0
            +---------+---------+-------+---------+---------+-------
